TOP OF THE 1ST |
---|
Red Deer Wranglers batting - Pitching for Bismark Border Guards : RHP Mark Tidwell | Pitching: RHP Mark Tidwell | | Batting: RHB Julián García | 0-0: Foul Ball, location: 2F 0-1: Ball 1-1: Fly out, F7 (Line Drive, 7D) | Batting: SHB Robbie Rhodes | 0-0: Foul Ball, location: 2F 0-1: Ball 1-1: Ball 2-1: Swinging Strike 2-2: Ground out 1-3 (Groundball, 15S) | Batting: RHB Steve Burton | 0-0: Foul Ball, location: 2F 0-1: Foul Ball, location: 2F 0-2: Ball 1-2: Strikes out swinging | Top of the 1st over - 0 runs, 0 hits, 0 errors, 0 left on base; Red Deer 0 - Bismark 0 | BOTTOM OF THE 1ST |
---|
Bismark Border Guards batting - Pitching for Red Deer Wranglers : RHP Arthur Kemp | Pitching: RHP Arthur Kemp | | Batting: RHB Alfredo Farías | 0-0: Fly out, F5 (Line Drive, 5) | Batting: LHB Will Hill | 0-0: Called Strike 0-1: Ball 1-1: Fly out, F5 (Popup, 15S) | Batting: RHB Jackson Gibson | 0-0: Ball 1-0: Called Strike 1-1: Ball 2-1: Ground out 4-3 (Groundball, 4) | Bottom of the 1st over - 0 runs, 0 hits, 0 errors, 0 left on base; Red Deer 0 - Bismark 0 | TOP OF THE 2ND |
---|
Red Deer Wranglers batting - Pitching for Bismark Border Guards : RHP Mark Tidwell | Batting: LHB Jorge Olvera | 0-0: Ball 1-0: Foul Ball, location: 2F 1-1: SOLO HOME RUN (Line Drive, 89XD), Distance : 417 ft | Batting: RHB Pedro Cabrera | 0-0: Called Strike 0-1: Ground out 4-3 (Groundball, 4) | Batting: RHB Joe Lewis | 0-0: SINGLE (Flyball, 89S) - OUT at second base trying to stretch hit. | Batting: RHB Xavier López | 0-0: Called Strike 0-1: Called Strike 0-2: Ball 1-2: Strikes out looking | Top of the 2nd over - 1 run, 2 hits, 0 errors, 0 left on base; Red Deer 1 - Bismark 0 | BOTTOM OF THE 2ND |
---|
Bismark Border Guards batting - Pitching for Red Deer Wranglers : RHP Arthur Kemp | Batting: LHB Alan Moore | 0-0: Ball 1-0: Swinging Strike 1-1: Ball 2-1: Fly out, F8 (Flyball, 8RS) | Batting: RHB Mario Carranza | 0-0: Ball 1-0: Called Strike 1-1: Ball 2-1: Fly out, F7 (Flyball, 7LS) | Batting: RHB Vincent Braun | 0-0: Called Strike 0-1: Called Strike 0-2: Ball 1-2: Foul Ball, location: 2F 1-2: Ball 2-2: SINGLE (Line Drive, 7LS) | Batting: RHB Sergio Solíz | 0-0: Ball 1-0: Swinging Strike 1-1: Fielders Choice at 2nd, 6-4 (Groundball, 6) | Bottom of the 2nd over - 0 runs, 1 hit, 0 errors, 1 left on base; Red Deer 1 - Bismark 0 | TOP OF THE 3RD |
---|
Red Deer Wranglers batting - Pitching for Bismark Border Guards : RHP Mark Tidwell | Batting: RHB Ismael Ortíz | 0-0: Ground out 4-3 (Groundball, 4) | Batting: LHB Héctor Santos | 0-0: Called Strike 0-1: Ball 1-1: SINGLE (Flyball, 9LS) | Batting: RHB Julián García | 0-0: Ball 1-0: Called Strike 1-1: Called Strike 1-2: Ball 2-2: Ball 3-2: Grounds into double play, 5-4-3 (Groundball, 56) | Top of the 3rd over - 0 runs, 1 hit, 0 errors, 0 left on base; Red Deer 1 - Bismark 0 | BOTTOM OF THE 3RD |
---|
Bismark Border Guards batting - Pitching for Red Deer Wranglers : RHP Arthur Kemp | Batting: RHB Danny Spode | 0-0: Fly out, F8 (Line Drive, 8RD) | Batting: LHB Kelsey Scott | 0-0: Called Strike 0-1: Foul Ball, location: 2F 0-2: Ball 1-2: Ball 2-2: Ball 3-2: Foul Ball, location: 2F 3-2: Foul Ball, location: 2F 3-2: Foul Ball, location: 2F 3-2: Strikes out looking | Batting: RHB Alfredo Farías | 0-0: Ball 1-0: Foul Ball, location: 2F 1-1: Called Strike 1-2: Ball 2-2: Foul Ball, location: 2F 2-2: SINGLE (Groundball, 6MD) | Batting: LHB Will Hill | 0-0: Called Strike 0-1: SINGLE (Line Drive, 56D) Alfredo Farías to second | Batting: RHB Jackson Gibson | 0-0: Called Strike 0-1: Swinging Strike 0-2: Strikes out swinging | Bottom of the 3rd over - 0 runs, 2 hits, 0 errors, 2 left on base; Red Deer 1 - Bismark 0 | TOP OF THE 4TH |
---|
Red Deer Wranglers batting - Pitching for Bismark Border Guards : RHP Mark Tidwell | Batting: SHB Robbie Rhodes | 0-0: Called Strike 0-1: Ball 1-1: Called Strike 1-2: Strikes out swinging | Batting: RHB Steve Burton | 0-0: Called Strike 0-1: Ball 1-1: Swinging Strike 1-2: Strikes out looking | Batting: LHB Jorge Olvera | 0-0: Ball 1-0: Foul Ball, location: 2F 1-1: Ball 2-1: Foul Ball, location: 2F 2-2: Fly out, F8 (Flyball, 8LD) | Top of the 4th over - 0 runs, 0 hits, 0 errors, 0 left on base; Red Deer 1 - Bismark 0 | BOTTOM OF THE 4TH |
---|
Bismark Border Guards batting - Pitching for Red Deer Wranglers : RHP Arthur Kemp | Batting: LHB Alan Moore | 0-0: Ground out U3 (Groundball, 3) | Batting: RHB Mario Carranza | 0-0: Foul Ball, location: 2F 0-1: Foul Ball, location: 2F 0-2: Ball 1-2: Ball 2-2: Foul Ball, location: 2F 2-2: Ball 3-2: SINGLE (Line Drive, 8LS) | Batting: RHB Vincent Braun | 0-0: Swinging Strike 0-1: Swinging Strike 0-2: Ball 1-2: Grounds into double play, 4-6-3 (Groundball, 34) | Bottom of the 4th over - 0 runs, 1 hit, 0 errors, 0 left on base; Red Deer 1 - Bismark 0 | TOP OF THE 5TH |
---|
Red Deer Wranglers batting - Pitching for Bismark Border Guards : RHP Mark Tidwell | Batting: RHB Pedro Cabrera | 0-0: Called Strike 0-1: Ball 1-1: Ground out 6-3 (Groundball, 6) | Batting: RHB Joe Lewis | 0-0: Called Strike 0-1: Called Strike 0-2: Ball 1-2: Ball 2-2: Foul Ball, location: 2F 2-2: Foul Ball, location: 2F 2-2: DOUBLE (Line Drive, 7LM) | Batting: RHB Xavier López | 0-0: Ball 1-0: Called Strike 1-1: Foul Ball, location: 2F 1-2: Foul Ball, location: 2F 1-2: Ball 2-2: Foul Ball, location: 2F 2-2: Strikes out swinging | Batting: RHB Ismael Ortíz | 0-0: Ball 1-0: Ball 2-0: Ball 3-0: Swinging Strike 3-1: Base on Balls | Batting: LHB Héctor Santos | 0-0: Ball 1-0: Ball 2-0: SINGLE (Groundball, 6D) Joe Lewis to third Ismael Ortíz to second Runner from 3rd tries for Home, SAFE, throw made home | Batting: RHB Julián García | 0-0: Ball Wild Pitch! Ismael Ortíz to third Héctor Santos to second 1-0: Ground out 6-3 (Groundball, 6) | Top of the 5th over - 1 run, 2 hits, 0 errors, 2 left on base; Red Deer 2 - Bismark 0 | BOTTOM OF THE 5TH |
---|
Bismark Border Guards batting - Pitching for Red Deer Wranglers : RHP Arthur Kemp | Batting: RHB Sergio Solíz | 0-0: Ball 1-0: Foul Ball, location: 2F 1-1: Foul Ball, location: 2F 1-2: Strikes out swinging | Batting: RHB Danny Spode | 0-0: Called Strike 0-1: Ball 1-1: Ball 2-1: Ball 3-1: Called Strike 3-2: Fly out, F8 (Flyball, 8LD) | Batting: LHB Kelsey Scott | 0-0: Ball 1-0: Called Strike 1-1: Foul Ball, location: 2F 1-2: Ball 2-2: Fly out, F9 (Flyball, 89D) | Bottom of the 5th over - 0 runs, 0 hits, 0 errors, 0 left on base; Red Deer 2 - Bismark 0 | TOP OF THE 6TH |
---|
Red Deer Wranglers batting - Pitching for Bismark Border Guards : RHP Mark Tidwell | Batting: SHB Robbie Rhodes | 0-0: Called Strike 0-1: Swinging Strike 0-2: Ball 1-2: Foul Ball, location: 2F 1-2: Strikes out swinging | Batting: RHB Steve Burton | 0-0: Called Strike 0-1: Called Strike 0-2: Ground out 4-3 (Groundball, 4) | Batting: LHB Jorge Olvera | 0-0: Ball 1-0: Swinging Strike 1-1: Ball 2-1: Foul Ball, location: 2F 2-2: Foul Ball, location: 2F 2-2: Fly out, F9 (Line Drive, 9) | Top of the 6th over - 0 runs, 0 hits, 0 errors, 0 left on base; Red Deer 2 - Bismark 0 | BOTTOM OF THE 6TH |
---|
Bismark Border Guards batting - Pitching for Red Deer Wranglers : RHP Arthur Kemp | Batting: RHB Alfredo Farías | 0-0: Ball 1-0: Called Strike 1-1: Swinging Strike 1-2: Ground out 6-3 (Groundball, 6) | Batting: LHB Will Hill | 0-0: Foul Ball, location: 2F 0-1: Fly out, F8 (Flyball, 8LD) | Batting: RHB Jackson Gibson | 0-0: Foul Ball, location: 2F 0-1: Ball 1-1: Fly out, F9 (Flyball, 9LMF) | Bottom of the 6th over - 0 runs, 0 hits, 0 errors, 0 left on base; Red Deer 2 - Bismark 0 | TOP OF THE 7TH |
---|
Red Deer Wranglers batting - Pitching for Bismark Border Guards : RHP Mark Tidwell | Pitching: RHP Jim Thompson | | Batting: RHB Pedro Cabrera | 0-0: Ground out 4-3 (Groundball, 4) | Batting: RHB Joe Lewis | 0-0: Foul Ball, location: 2F 0-1: Ball 1-1: Ball 2-1: Foul Ball, location: 2F 2-2: Ground out 4-3 (Groundball, 4M) | Batting: RHB Xavier López | 0-0: Ball 1-0: Ball 2-0: Called Strike 2-1: Fly out, F7 (Line Drive, 78D) | Top of the 7th over - 0 runs, 0 hits, 0 errors, 0 left on base; Red Deer 2 - Bismark 0 | BOTTOM OF THE 7TH |
---|
Bismark Border Guards batting - Pitching for Red Deer Wranglers : RHP Arthur Kemp | Batting: LHB Alan Moore | 0-0: Ball 1-0: Foul Ball, location: 2F 1-1: Ball 2-1: Fly out, F7 (Line Drive, 78D) | Batting: RHB Mario Carranza | 0-0: Foul Ball, location: 2F 0-1: Ground out 6-3 (Groundball, 6) | Batting: RHB Vincent Braun | 0-0: Called Strike 0-1: Ground out U3 (Groundball, 3) | Bottom of the 7th over - 0 runs, 0 hits, 0 errors, 0 left on base; Red Deer 2 - Bismark 0 | TOP OF THE 8TH |
---|
Red Deer Wranglers batting - Pitching for Bismark Border Guards : RHP Jim Thompson | Batting: RHB Ismael Ortíz | 0-0: Swinging Strike 0-1: Foul Ball, location: 2F 0-2: Strikes out looking | Pitching: LHP Jeffrey Glass | | Batting: LHB Héctor Santos | 0-0: Called Strike 0-1: Ball 1-1: Swinging Strike 1-2: Strikes out looking | Pitching: RHP Esteban Corona | | Batting: RHB Julián García | 0-0: Foul Ball, location: 2F 0-1: SOLO HOME RUN (Flyball, 7D), Distance : 390 ft | Batting: SHB Robbie Rhodes | 0-0: Ball 1-0: Ball 2-0: Ball 3-0: Called Strike 3-1: Called Strike 3-2: Base on Balls | Batting: RHB Steve Burton | 0-0: Fly out, F7 (Flyball, 7D) | Top of the 8th over - 1 run, 1 hit, 0 errors, 1 left on base; Red Deer 3 - Bismark 0 | BOTTOM OF THE 8TH |
---|
Bismark Border Guards batting - Pitching for Red Deer Wranglers : RHP Arthur Kemp | Batting: RHB Sergio Solíz | 0-0: Ball 1-0: SINGLE (Flyball, 7S) | Batting: RHB Danny Spode | 0-0: Ball 1-0: Ball 2-0: Foul Ball, location: 2F 2-1: Called Strike 2-2: Ball 3-2: Fly out, F7 (Line Drive, 78M) | Batting: LHB Kelsey Scott | 0-0: Called Strike 0-1: Ball 1-1: Ball 2-1: Ball 3-1: Base on Balls Sergio Solíz to second | Batting: RHB Alfredo Farías | 0-0: Ball 1-0: Ball 2-0: Grounds into double play, 1-4-3 (Groundball, 15S) | Bottom of the 8th over - 0 runs, 1 hit, 0 errors, 1 left on base; Red Deer 3 - Bismark 0 | TOP OF THE 9TH |
---|
Red Deer Wranglers batting - Pitching for Bismark Border Guards : RHP Esteban Corona | Batting: LHB Jorge Olvera | 0-0: Called Strike 0-1: Ball 1-1: Ball 2-1: Foul Ball, location: 2F 2-2: Ball 3-2: Base on Balls | Batting: RHB Pedro Cabrera | 0-0: Ball 1-0: Called Strike 1-1: Grounds into double play, 4-6-3 (Groundball, 4MD) | Batting: RHB Joe Lewis | 0-0: Ball 1-0: Ball 2-0: SINGLE (Line Drive, 4D) | Batting: RHB Xavier López | 0-0: Called Strike 0-1: Fly out, F7 (Flyball, 78M) | Top of the 9th over - 0 runs, 1 hit, 0 errors, 1 left on base; Red Deer 3 - Bismark 0 | BOTTOM OF THE 9TH |
---|
Bismark Border Guards batting - Pitching for Red Deer Wranglers : RHP Arthur Kemp | Pitching: RHP Raúl Zumaya | | Batting: LHB Will Hill | 0-0: Foul Ball, location: 2F 0-1: Fly out, F8 (Flyball, 8LD) | Batting: RHB Jackson Gibson | 0-0: Ball 1-0: SINGLE (Line Drive, 8LS) | Batting: LHB Alan Moore | 0-0: Called Strike 0-1: Ball 1-1: DOUBLE (Groundball, 3L) Jackson Gibson to third | Batting: RHB Mario Carranza | 0-0: Swinging Strike 0-1: Fly out, F9 (Flyball, 9S) | Batting: RHB Vincent Braun | 0-0: Fly out, F9 (Flyball, 9) | Bottom of the 9th over - 0 runs, 2 hits, 0 errors, 2 left on base; Red Deer 3 - Bismark 0 | |